 Dungeon Crawl Stone Soup version 0.31.0-11-ge490571c62 (webtiles) character file.

Game seed: 1042085244110856829

53 qw the Shooter (level 3, 0/20 HPs)
             Began as a Deep Elf Hunter on Feb 3, 2024.
             Slain by Terence
             ... wielding a +0 hand axe
              (8 damage)
             ... on level 2 of the Dungeon.
             The game lasted 00:00:04 (940 turns).

qw the Shooter (Deep Elf Hunter)                     Turns: 940, Time: 00:00:05

Health: 0/20       AC:  7    Str: 10    XL:     3   Next: 64%
Magic:  5/5        EV: 11    Int: 13    God:
Gold:   56         SH:  0    Dex: 18    Spells: 2/2 levels left

rFire   . . .        a - +0 shortbow
rCold   . . .        (shield currently unavailable)
rNeg    . . .        h - +0 ring mail
rPois   .            (no helmet)
rElec   .            (no cloak)
rCorr   .            (no gloves)
SInv    .            i - +1 pair of boots
Will    .....        (no amulet)
Stlth   +            (no ring)
HPRegen 0.23/turn    (no ring)
MPRegen 0.09/turn

%: no passive effects
@: no status effects
A: mutation resistance 1
a: no special abilities


You were on level 2 of the Dungeon.
You visited 1 branch of the dungeon, and saw 2 of its levels.

You collected 56 gold pieces.


Innate Abilities, Weirdness & Mutations

You are somewhat resistant to further mutation.


   Skills:
 - Level 1.5 Fighting
 + Level 7.1 Ranged Weapons
 - Level 2.4 Dodging
 - Level 1.2 Stealth


You had 2 spell levels left.
You didn't know any spells.
Your spell library was empty.

Inventory:

Hand Weapons
 a - a +0 shortbow (weapon)
Armour
 h - a +0 ring mail (worn)
 i - a +1 pair of boots (worn)
Jewellery
 f - a +6 ring of intelligence
Scrolls
 b - a scroll of poison {unknown}
 c - a scroll of identify {unknown}
Potions
 d - a potion of mutation
 e - 2 potions of curing {unknown}

Dungeon Overview and Level Annotations

Branches:
Dungeon (2/15)

Altars:

Annotations:
D:2 Sigmund, Terence


Message History

The endoplasm is severely wounded.
You shoot an arrow. The arrow hits the endoplasm!
You kill the endoplasm!
You see here 5 stones.
You open the door.
Found a stone staircase leading down.
There is an open door here.
You now have 47 gold pieces (gained 13).
f - a +6 ring of intelligence You now have 56 gold pieces (gained 9).
Sigmund and Terence come into view.
Terence shouts!
Enter note:
Enter note: You shoot an arrow.
Sigmund shouts!
The arrow hits Terence but does no damage.
You shoot an arrow. The arrow barely misses Terence.
You shoot an arrow.
The arrow hits Terence but does no damage.
Sigmund mumbles some strange words.
Sigmund flickers and vanishes!
Deactivating autopickup; reactivate with Ctrl-A.
Terence hits you but does no damage.
You shoot an arrow. The arrow hits Terence.
Terence is moderately wounded.
Something hits you. Terence barely misses you.
You shoot an arrow. The arrow hits Terence!
Terence is heavily wounded.
Terence hits you with a +0 hand axe.
You shoot an arrow.
The arrow hits Terence but does no damage.
Terence is heavily wounded.
Something hits you. Terence hits you with a +0 hand axe!
You shoot an arrow.
The arrow hits Terence but does no damage.
Terence is heavily wounded.
Terence hits you with a +0 hand axe!
You die...
Terence says, "That felt goooood."

....#####.(......# #.#.#.#
....######'####### #.#.#..
.............# #.#.###
......>......# #.#.#
.............###########.#.#
###......................#.#
#.#########..............# #
#..................###
#.###@................
.....{@.........##...%..
................##......
.......###########...)..
....... #...... #######
#...... #######


You could see Terence.

Vanquished Creatures
  An adder (D:2)
  3 dart slugs
  9 endoplasms
  4 goblins
  2 hobgoblins
  7 ball pythons
  2 bats
  A frilled lizard (D:1)
  4 kobolds
  5 rats
38 creatures vanquished.

Notes
Turn   | Place    | Note
-------+----------+-------------------------------------------
     0 | D:1      | qw the Deep Elf Hunter began the quest for the Orb.
     0 | D:1      | Reached XP level 1. HP: 12/12 MP: 3/3
     0 | D:1      | 0 ||| qw: Version: 0.3-a-158-g18b3111
     0 | D:1      | 0 ||| qw: Game counter: 4107
     0 | D:1      | 0 ||| qw: Melee chars always use a shield: true
     0 | D:1      | 0 ||| qw: God list: Okawaru
     0 | D:1      | 0 ||| qw: Allow faded altars: false
     0 | D:1      | 0 ||| qw: Do Orc after clearing Dungeon:15 true
     0 | D:1      | 0 ||| qw: Do second Lair branch before Depths: true
     0 | D:1      | 0 ||| qw: Lair rune preference: random
     0 | D:1      | 0 ||| qw: Goals: Normal
     0 | D:1      | 0 ||| PLANNING D:1-11
   131 | D:1      | Reached XP level 2. HP: 16/16 MP: 4/4
   136 | D:1      | Reached skill level 6 in Ranged Weapons
   320 | D:1      | Found a faded altar of an unknown god.
   491 | D:1      | Reached XP level 3. HP: 20/20 MP: 5/5
   596 | D:1      | 596 ||| UPGRADING to +0 ring mail.
   606 | D:1      | 606 ||| DROPPING +0 leather armour.
   607 | D:1      | 607 ||| UPGRADING to +0 pair of boots.
   612 | D:1      | 612 ||| READING scroll labelled XUIKIS VICKA.
   612 | D:1      | 612 ||| ENCHANTING +0 pair of boots.
   613 | D:1      | 613 ||| READING scroll labelled LUTOCE ZYISKASE.
   614 | D:1      | 614 ||| DRINKING 2 pink potions.
   614 | D:1      | Gained mutation: You are somewhat resistant to further
                  | mutation. [potion of mutation]
   615 | D:1      | 615 ||| DROPPING scroll of butterflies.
   808 | D:2      | Reached skill level 7 in Ranged Weapons
   933 | D:2      | Noticed Sigmund
   933 | D:2      | Noticed Terence
   940 | D:2      | Slain by Terence

Levels and vault maps discovered:
D:1:      dpeg_arrival_rooms_c, layout_rooms, serial_forest,
          infiniplex_forest_lined_room_3, infiniplex_forest_lined_room_,
          infiniplex_forest_clump_diagonal, infiniplex_forest_side_room,
          infiniplex_forest_lined_3, infiniplex_forest_end_double,
          infiniplex_forest_straight_2, nicolae_ecumenical_snake_handling,
          hangedman_feature_mirror
D:2:      layout_basic, bh_walls_and_bars, uniq_robin, uniq_sigmund,
          uniq_terence

Skill      XL: |  1  2  3 |
---------------+----------+-----
Ranged Weapons | 6 7 |  7.1
Fighting       | |  1.5
Dodging        | |  2.4
Stealth        | |  1.2

Action                     || total
---------------------------++-------
   Fire: Shortbow          ||   104
    Use: Scroll            ||     2
         Potion            ||     1
 Armour: Leather armour    ||     4
         Ring mail         ||    16
  Dodge: Dodged            ||    14

Table legend:
 A = Non-vault XP
 B = Vault XP
 C = Vault XP percentage of total XP
 D = Non-vault monster count
 E = Vault monster count
 F = Vault count percentage of total count
                 A         B        C        D         E       F
            +---------+---------+-------+---------+---------+-------
      Total |      71 |       6 |   7.8 |      33 |       5 |  13.2
            +---------+---------+-------+---------+---------+-------
        D:1 |      38 |       6 |  13.6 |      21 |       5 |  19.2
        D:2 |      33 |       0 |   0.0 |      12 |       0 |   0.0
            +---------+---------+-------+---------+---------+-------
